AoeStats
← 一杯冰美式

MegaRandom

510094869Analyzed
3v3 RM · 4d ago on Sep 29, 2026· 38m 11s· 6 players
Game mode
Random Map
Map size
Normal (6 player)
Population
200
Speed
Normal
Resources
Standard
Victory
Conquest
Starting age
Dark Age
Ending age
Imperial Age
RankedLock teamsTeams togetherTeam positionsShared explorationLock speedFull tech treeHidden civsTurbo modeCheats
Victory
Defeat
🇨🇱 Spanish · Chile
1106
+17
🇧🇪 Ethiopians · Belgium
1105
+17
🇹🇼 Japanese · Taiwan
1097
+18
🇭🇰 Mongols · Hong Kong SAR China
1187
-19
🇨🇳 Huns · China
1150
-18
🇨🇳 Burgundians · China
1073
-15
L'arlecchino
8:39 Loom
10:27 Feudal Age
14:25 Fletching
14:49 Double-Bit Axe
14:46 Horse Collar
21:42 Castle Age
22:09 Stone Mining
21:57 Crossbowman
25:43 Bow Saw
29:34 Wheelbarrow
30:43 Bodkin Arrow
33:07 Padded Archer Armor
34:27 Thumb Ring
35:06 Leather Archer Armor
36:44 Squires
36:30 Arson
36:47 Scale Mail Armor
36:57 Forging
38:27 Gold Mining
一杯冰美式
1:28 Loom
11:12 Feudal Age
16:41 Castle Age
14:45 Double-Bit Axe
14:53 Horse Collar
16:10 Stone Mining
19:28 Gold Mining
22:14 Bow Saw
24:13 Wheelbarrow
23:24 Town Watch
24:19 Wheelbarrow
25:41 Arson
25:57 Squires
26:13 Forging
26:04 Scale Mail Armor
29:48 Gold Shaft Mining
30:55 Iron Casting
30:36 Chain Mail Armor
31:04 Hand Cart
36:28 Imperial Age
37:19 Town Patrol
38:21 Blast Furnace
37:51 Plate Mail Armor
Sirsoberbio
6:33 Loom
11:09 Feudal Age
11:59 Double-Bit Axe
11:58 Horse Collar
14:45 Bloodlines
22:47 Castle Age
21:52 Stone Mining
21:55 Gold Mining
27:58 Scale Barding Armor
32:02 Fletching
36:34 Heavy Plow
38:01 Stone Shaft Mining
kaaaboooom
11:29 Feudal Age
12:03 Man-at-Arms
19:59 Castle Age
19:30 Fletching
19:53 Loom
23:45 Wheelbarrow
23:10 Bodkin Arrow
27:02 Padded Archer Armor
33:19 Husbandry
33:31 Bloodlines
33:44 Horse Collar
33:51 Double-Bit Axe
110
0:29 Loom
11:34 Feudal Age
24:08 Fletching
24:14 Town Watch
32:53 Castle Age
35:13 Castle Age
34:56 Double-Bit Axe
38:00 Bow Saw
redwolfliu
11:33 Feudal Age
11:11 Loom
12:19 Double-Bit Axe
18:20 Castle Age
16:13 Horse Collar
16:30 Gold Mining
19:07 Wheelbarrow
19:46 Bow Saw
19:50 Heavy Plow
21:48 Stone Mining
31:01 Imperial Age
28:48 Scale Barding Armor
29:36 Hand Cart
29:33 Bloodlines
29:25 Husbandry
30:12 Chain Barding Armor
31:36 Forging
32:50 Conscription
32:25 Cavalier
33:53 Iron Casting
33:39 Town Watch
36:03 Blast Furnace
37:25 Plate Barding Armor
Connection lost

Rejoining the realm…

Still unreachable

The connection could not be restored.

Session expired

The server has moved on; the page needs a fresh start.